Map: Catalyst LE

Players

Maplez - Winner!

  • Race: Protoss Protoss
  • League: Grandmaster
  • Spawn Location: 11:00

llllllllllll

  • Race: Protoss Protoss
  • League: Master
  • Spawn Location: 5:00

VOD

Have the link to the VOD?

Description

Time

  • Played on: Feb. 9, 2018, 2:34 p.m.
  • Length: 14:34
Show
View Real Time Build Order
Export as new Build Order

Maplez Protoss - Winner!

Build Orders: Zealot Archon, Dark Templar Rush 

Get SALT Encoding   

  12  0:00  Probe  
  13  0:12  Probe  
  14  0:18  Pylon  
  14  0:25  Probe (Chrono Boost)  
  15  0:37  Probe (Chrono Boost)  
  15  0:38  Gateway  
  16  0:45  Probe (Chrono Boost)  
  16  0:48  Assimilator  
  17  0:51  Probe  
  17  0:55  Assimilator  
  18  1:03  Probe  
  19  1:09  Gateway  
  19  1:15  Probe  
  20  1:27  Cybernetics Core, Probe  
  21  1:35  Pylon  
  21  1:39  Probe  
  22  1:51  Probe  
  23  2:02  Warp Gate (Chrono Boost)  
  23  2:03  Probe  
  23  2:04  Adept x2  
  28  2:14  Twilight Council  
  28  2:22  Pylon  
  28  2:25  Probe  
  29  2:31  Pylon  
  33  2:53  Dark Shrine  
  33  2:56  Probe  
  30  3:17  Gateway  
  28  3:28  Robotics Facility  
  30  3:42  Shield Battery  
  26  3:54  Nexus  
  26  4:06  Dark Templar x2  
  26  4:08  Pylon  
  30  4:10  Shield Battery  
  30  4:12  Dark Templar  
  30  4:14  Pylon  
  32  4:19  Pylon  
  32  4:20  Pylon  
  32  4:22  Pylon  
  32  4:30  Pylon  
  32  4:51  Dark Templar  
  35  4:56  Charge (Chrono Boost)  
  32  5:09  Dark Templar  
  34  5:18  Nexus  
  34  5:34  Zealot x2  
  38  5:38  Probe, Pylon  
  38  5:40  Archon  
  38  5:41  Archon  
  39  5:46  Dark Templar  
  41  5:58  Dark Templar  
  41  6:02  Pylon  
  43  6:13  Archon  
  43  6:17  Probe, Dark Templar  
  46  6:25  Zealot  
  48  6:30  Probe (Chrono Boost)  
  49  6:33  Probe (Chrono Boost)  
  49  6:37  Zealot  
  52  6:42  Probe (Chrono Boost)  
  52  6:45  Probe (Chrono Boost)  
  52  6:47  Zealot  
  56  6:49  Zealot  
  56  6:51  Probe (Chrono Boost)  
  56  6:52  Probe (Chrono Boost)  
  60  7:00  Probe  
  61  7:02  Probe  
  62  7:12  Probe  
  62  7:14  Probe  
  62  7:15  Zealot x3  
  70  7:24  Probe  
  70  7:27  Probe  
  68  7:39  Immortal (Chrono Boost)  
  72  7:44  Nexus  
  72  7:47  Assimilator  
  72  7:49  Assimilator  
  72  7:54  Forge, Probe  
  73  8:12  Dark Templar x2  
  75  8:13  Zealot  
  75  8:18  Protoss Ground Weapons Level 1 (Chrono Boost)  
  75  8:19  Gateway, Archon  
  77  8:21  Probe  
  78  8:27  Immortal (Chrono Boost)  
  78  8:32  Probe  
  83  8:34  Probe  
  83  8:39  Pylon  
  84  8:44  Probe  
  84  8:46  Sentry  
  84  8:47  Sentry  
  89  8:51  Dark Templar  
  89  8:53  Probe  
  92  8:57  Pylon  
  92  8:58  Probe  
  92  9:01  Observer (Chrono Boost)  
  94  9:06  Gateway  
  94  9:08  Probe  
  95  9:14  Probe  
  95  9:16  Probe  
  97  9:18  Warp Prism (Chrono Boost)  
  97  9:20  Probe  
  102  9:31  Probe x2  
  102  9:38  Nexus  
  102  9:43  Protoss Ground Weapons Level 2 (Chrono Boost), Assimilator  
  102  9:46  Assimilator  
  102  9:53  Gateway  
  102  9:58  Dark Templar  
  102  9:59  Dark Templar  
  106  10:07  Probe x3  
  106  10:13  Gateway x2  
  109  10:19  Probe  
  110  10:22  Zealot x2  
  110  10:23  Zealot  
  113  10:35  Probe x2  
  112  10:38  Dark Templar x2  
  112  10:41  Pylon  
  118  10:45  Dark Templar  
  118  10:48  Dark Templar  
  115  11:06  Dark Templar  
  115  11:07  Dark Templar, Observer  
  118  11:17  Dark Templar  
  116  11:19  Dark Templar x2  
  120  11:29  Dark Templar  
  122  11:35  Pylon  
  122  11:39  Dark Templar  
  122  11:45  Sentry  
  112  11:48  Dark Templar x2  
  112  11:52  Dark Templar x3  
  95  11:55  Zealot  
  95  11:57  Pylon  
  65  12:12  Probe  
  65  12:13  Probe  
  65  12:15  Probe  
  66  12:16  Probe  
  65  12:24  Probe (Chrono Boost)  
  65  12:26  Probe (Chrono Boost)  
  65  12:27  Probe (Chrono Boost)  
  69  12:33  Probe (Chrono Boost)  
  69  12:36  Probe (Chrono Boost)  
  70  12:37  Probe x2 (Chrono Boost)  
  70  12:38  Zealot x5  
  70  12:41  Probe (Chrono Boost)  
  70  12:42  Probe x3 (Chrono Boost)  
  84  12:52  Probe  
  84  12:57  Immortal (Chrono Boost)  
  79  13:02  Archon x2  
  79  13:03  Dark Templar x3  
  89  13:11  Archon  
  89  13:12  Archon, Zealot x2  
  91  13:29  Immortal (Chrono Boost)  
  91  13:33  Dark Templar x3  
  101  13:35  Dark Templar  
  101  13:39  Archon  
  101  13:40  Archon  
  103  13:42  Zealot x2  
  103  13:48  Dark Templar  
  105  13:52  Dark Templar  
  106  14:01  Observer  
  103  14:05  Dark Templar x2  
  103  14:06  Dark Templar  
  101  14:11  Zealot x2  
  101  14:15  Zealot  
  91  14:17  Probe  
  91  14:20  Probe  
Show
View Real Time Build Order
Export as new Build Order

llllllllllll Protoss 

Build Orders:  

Get SALT Encoding   

  12  0:01  Probe  
  13  0:13  Probe  
  14  0:18  Pylon  
  14  0:25  Probe  
  15  0:37  Gateway  
  15  0:38  Probe  
  16  0:44  Assimilator  
  16  0:50  Probe  
  17  1:02  Probe  
  17  1:04  Assimilator  
  18  1:10  Gateway  
  18  1:14  Probe (Chrono Boost)  
  19  1:24  Cybernetics Core, Probe (Chrono Boost)  
  20  1:31  Probe  
  20  1:32  Pylon  
  21  1:44  Probe  
  22  1:56  Probe  
  23  2:02  Warp Gate (Chrono Boost), Stalker x2  
  27  2:11  Pylon  
  27  2:18  Probe  
  28  2:32  Stalker x2  
  32  2:43  Probe  
  33  3:02  Stalker x2  
  37  3:21  Pylon  
  37  3:24  Probe  
  37  3:25  Pylon  
  38  3:32  Shield Battery  
  38  3:42  Nexus  
  38  3:46  Robotics Facility  
  38  3:59  Stalker  
  38  4:02  Stalker  
  42  4:09  Pylon  
  42  4:11  Pylon  
  42  4:23  Sentry  
  40  4:35  Observer (Chrono Boost)  
  40  4:40  Stalker  
  40  4:44  Pylon  
  42  4:47  Immortal (Chrono Boost)  
  45  5:01  Probe  
  45  5:03  Pylon  
  46  5:07  Probe  
  46  5:09  Shield Battery  
  47  5:15  Probe (Chrono Boost)  
  48  5:23  Adept  
  48  5:25  Probe (Chrono Boost)  
  52  5:29  Adept  
  52  5:33  Probe (Chrono Boost)  
  52  5:35  Probe (Chrono Boost)  
  57  5:44  Forge  
  55  5:50  Immortal (Chrono Boost)  
  55  5:54  Sentry  
  61  5:59  Gateway  
  61  6:06  Gateway  
  61  6:16  Gateway  
  61  6:24  Photon Cannon  
  61  6:30  Immortal  
  61  6:34  Pylon  
  61  6:45  Probe  
  62  6:49  Protoss Ground Weapons Level 1  
  62  6:52  Probe  
  63  6:59  Probe  
  64  7:04  Probe  
  65  7:15  Immortal  
  69  7:23  Probe  
  69  7:26  Phoenix, Pylon  
  70  7:36  Assimilator  
  70  7:38  Twilight Council  
  70  7:39  Assimilator  
  70  7:44  Probe x2  
  72  7:47  Pylon  
  72  7:49  Pylon  
  72  7:52  Pylon  
  72  7:56  Probe (Chrono Boost)  
  74  8:00  Probe (Chrono Boost)  
  75  8:06  Nexus  
  75  8:07  Probe (Chrono Boost)  
  75  8:11  Probe (Chrono Boost)  
  75  8:12  Charge (Chrono Boost)  
  76  8:14  Probe  
  77  8:22  Probe  
  78  8:29  Probe, Templar Archives  
  79  8:35  Gateway  
  79  8:44  Protoss Ground Weapons Level 2 (Chrono Boost), Immortal  
  79  8:46  Photon Cannon  
  83  9:02  Probe x2  
  85  9:09  High Templar x2  
  89  9:10  High Templar x2  
  89  9:14  Archon  
  89  9:15  Archon  
  93  9:21  Probe  
  93  9:23  Immortal (Chrono Boost)  
  98  9:27  Probe x2  
  100  9:35  Zealot x2  
  104  9:42  High Templar  
  104  9:44  High Templar  
  104  9:45  Probe  
  109  9:50  Archon, Zealot  
  111  9:53  Zealot  
  111  9:54  Immortal (Chrono Boost)  
  117  10:05  Assimilator  
  117  10:07  Pylon  
  117  10:19  Gateway  
  117  10:20  Gateway  
  117  10:23  Gateway  
  117  10:24  Pylon  
  117  10:28  High Templar x3  
  119  10:31  Warp Prism (Chrono Boost), Probe  
  119  10:32  Probe  
  123  10:36  Assimilator  
  123  10:38  High Templar, Archon  
  126  10:42  Probe  
  126  10:43  Probe  
  126  10:45  Pylon  
  126  10:49  Archon  
  127  10:51  Zealot x2  
  131  11:06  Zealot x2  
  131  11:07  Zealot  
  125  11:19  Zealot x3  
  129  11:29  Pylon  
  126  11:34  Observer  
  126  11:35  Pylon  
  72  12:02  Zealot x2  
  72  12:03  Zealot x3  
  72  12:05  Observer (Chrono Boost)  
  63  12:18  High Templar  
  64  12:28  High Templar  
  65  12:30  High Templar  
  63  12:47  Zealot x2  
  64  12:52  Archon  
  64  13:10  Zealot  
  66  13:13  High Templar  
  67  13:32  Probe (Chrono Boost)  
  67  13:33  Probe (Chrono Boost)  
  69  13:37  Zealot x2  
  74  13:42  Probe (Chrono Boost)  
  74  13:45  Archon  
  68  14:03  Zealot x2  
  30  14:26  Zealot  
  30  14:27  Zealot  
Tags
 
Add a new tag
Caveats
  • Supply blocks, unpowered buildings, or Contaminate may cause inaccurate times.
  • Supply counts are checked every 10 seconds.